AoeStats
← Willykills97

Four Lakes

508797589Analyzed
1v1 RM · 8d ago on Sep 24, 2026· 41m 35s· 2 players
Game mode
Random Map
Map size
Tiny (2 player)
Population
200
Speed
Normal
Resources
Standard
Victory
Conquest
Starting age
Dark Age
Ending age
Imperial Age
RankedLock teamsTeams togetherTeam positionsShared explorationLock speedFull tech treeHidden civsTurbo modeCheats
Victory
Defeat
🇨🇦 Khmer · Canada
979
+16
🇲🇽 Magyars · Mexico
985
-16
Playforfun
11:16 Feudal Age
10:22 Loom
15:50 Castle Age
15:10 Double-Bit Axe
16:07 Bloodlines
19:49 Bow Saw
24:32 Wheelbarrow
24:09 Gold Mining
24:11 Stone Mining
25:36 Scale Barding Armor
27:31 Gold Shaft Mining
27:01 Fishing Lines
28:25 Stone Shaft Mining
28:49 Chain Barding Armor
33:14 Fletching
34:15 Gillnets
37:29 Imperial Age
35:18 Hand Cart
35:10 Husbandry
35:50 Bodkin Arrow
36:07 Forging
39:12 Chemistry
38:37 Conscription
37:45 Cavalier
40:32 Elite Ballista Elephant
41:15 Double Crossbow
Willykills97
10:30 Feudal Age
19:17 Castle Age
17:25 Double-Bit Axe
17:49 Scale Barding Armor
18:34 Horse Collar
19:36 Scale Mail Armor
20:14 Wheelbarrow
20:47 Chain Barding Armor
21:55 Pikeman
40:09 Imperial Age
38:53 Chain Mail Armor
38:45 Heavy Plow
39:33 Husbandry
39:44 Bloodlines
39:51 Bow Saw
Connection lost

Rejoining the realm…

Still unreachable

The connection could not be restored.

Session expired

The server has moved on; the page needs a fresh start.